 Dungeon Crawl Stone Soup version 0.30.0-29-ga12c61a403 (webtiles) character file.

Game seed: 14023585301644333052

48 LustLizard the Conjurer (level 3, -1/23 HPs)
             Began as an Octopode Conjurer on June 23, 2023.
             Slain by Terence
             ... wielding a +0 trident
              (9 damage)
             ... on level 2 of the Dungeon.
             The game lasted 00:02:21 (1576 turns).

LustLizard the Conjurer (Octopode Conjurer)         Turns: 1576, Time: 00:02:22

Health: -1/23      AC:  1    Str:  8    XL:     3   Next: 72%
Magic:  0/6        EV: 13    Int: 20    God:
Gold:   45         SH:  0    Dex: 10    Spells: 3/6 levels left

rFire   . . .        (no weapon)
rCold   . . .        (no shield)
rNeg    . . .        (helmet restricted)
rPois   .            (no amulet)
rElec   .            (no ring)
rCorr   .            (no ring)
SInv    .            (no ring)
Will    .....        (no ring)
Stlth   +++          (no ring)
HPRegen 0.23/turn    (no ring)
MPRegen 0.10/turn    (no ring)
                     (no ring)

%: no passive effects
@: no status effects
A: almost no armour, amphibious, 8 rings, camouflage 1, gelatinous body 1,
(nimble swimmer 1), tentacles
a: no special abilities


You were on level 2 of the Dungeon.
You visited 1 branch of the dungeon, and saw 2 of its levels.

You collected 45 gold pieces.

Inventory:

Scrolls
 d - a scroll of vulnerability {unknown}
 e - a scroll of noise {unknown}
 f - 2 scrolls of silence
 g - a scroll of identify {unknown}
 h - a scroll of immolation {unknown}
Potions
 a - a potion of magic
 b - 3 potions of curing {unknown}
 c - a potion of lignification {unknown}
 i - a potion of heal wounds {unknown}


   Skills:
 + Level 1.2 Fighting
 - Level 2.0 Dodging
 + Level 3.4 Stealth
 + Level 2.3 Spellcasting
 * Level 4.5 Conjurations


You had 3 spell levels left.
You knew the following spells:

 Your Spells              Type           Power      Damage    Failure   Level
a - Magic Dart            Conj           80%        1d7       2%          1
b - Searing Ray           Conj           40%        2d5       3%          2

Your spell library contained the following spells:

 Spells                   Type           Power      Damage    Failure   Level
 Dazzling Flash           Conj/Hex       22%        N/A       19%         3
 Fulminant Prism          Conj/Hex       5%         3d6       52%         4
 Iskenderun's Mystic Bla  Conj/Tloc      11%        2d4       52%         4


Dungeon Overview and Level Annotations

Branches:
Dungeon (2/15)

Altars:

Shops:
D:1 [!=

Annotations:
D:2 Terence


Innate Abilities, Weirdness & Mutations

You cannot wear most types of armour.
You are amphibious.
You can wear up to eight rings at the same time.
Your skin changes colour to match your surroundings (Stealth+).
Your rubbery body absorbs attacks. (AC +1, EV +1)
((You are camouflaged when in or above water. (Stealth+)))
You have tentacles for arms and can constrict up to eight enemies at once.


Message History

You completely miss Terence.
Terence is severely wounded.
You constrict Terence, but do no damage.
Terence misses you.
You tentacle-slap Terence but do no damage.
You squeeze Terence, but do no damage.
Terence is severely wounded.
You constrict Terence, but do no damage.
Terence closely misses you.
You tentacle-slap Terence but do no damage.
You squeeze Terence, but do no damage.
Terence is severely wounded.
You constrict Terence, but do no damage.
Terence shouts, "Get ready for death!"
Terence hits you with a +0 trident!
Aiming: Magic Dart (safe; 2% risk of failure)
Press: ? - help, Q - select action, (/) - cycle Shift-Dir - straight line, f/p - Terence
Aim: Terence, wielding a +0 trident and wearing a +0 chain mail (severely wounded, constricted by you, 100% to hit)
The magic dart hits Terence.
Terence is almost dead.
You constrict Terence, but do no damage.
Terence hits you with a +0 trident.
You tentacle-slap Terence but do no damage.
Terence is almost dead.
You constrict Terence, but do no damage.
Terence barely misses you.
You tentacle-slap Terence but do no damage.
Terence is almost dead.
You constrict Terence, but do no damage.
Terence misses you.
You tentacle-slap Terence but do no damage.
You squeeze Terence, but do no damage.
Terence is almost dead.
You constrict Terence, but do no damage.
Terence misses you.
You tentacle-slap Terence but do no damage.
Terence is almost dead.
You constrict Terence, but do no damage.
Terence hits you with a +0 trident!
You die...

##.#... #[...#
.# ##....# ..#
#.....### #..
#.<.#...# ...
#...###..###
##.# #..##
#....# ...#
#+#
#..#.###@.#
...#.#...@..#
###.#.......$#
..#####.####
#.. #.# .. ..#
## ####


You could see Terence.

Vanquished Creatures
  A dart slug (D:1)
  2 ball pythons (D:1)
  5 bats (D:1)
  2 endoplasms (D:1)
  2 giant cockroaches (D:1)
  5 hobgoblins (D:1)
  6 jackals (D:1)
  3 frilled lizards (D:1)
  4 goblins (D:1)
  6 kobolds (D:1)
  6 rats (D:1)
42 creatures vanquished.

Notes
Turn   | Place    | Note
-------+----------+-------------------------------------------
     0 | D:1      | LustLizard the Octopode Conjurer began the quest for the
                  | Orb.
     0 | D:1      | Reached XP level 1. HP: 11/11 MP: 3/3
   164 | D:1      | Found Sugoekh's Antique Armour Shoppe.
   235 | D:1      | Found Ximp's Distillery.
   246 | D:1      | Reached XP level 2. HP: 14/18 MP: 0/5
   723 | D:1      | Reached XP level 3. HP: 22/22 MP: 4/6
   810 | D:1      | Reached skill level 1 in Fighting
  1253 | D:1      | Found Nymiwiaj's Jewellery Boutique.
  1411 | D:1      | Found a faded altar of an unknown god.
  1550 | D:2      | Noticed Terence
  1556 | D:2      | Learned a level 2 spell: Searing Ray
  1576 | D:2      | Slain by Terence

Illustrated notes

Levels and vault maps discovered:
D:1:      lemuel_arrival_behind_the_door_small, layout_loops_cross,
          serial_shops, shop, shop, nicolae_shop_peninsula,
          hellmonk_ecumenical_altar_prayer_group, minmay_pentomino_z4
D:2:      minmay_skewed_foursquare, layout_loops_corners, minmay_quantized,
          uniq_terence

Skill      XL: |  1  2  3 |
---------------+----------+-----
Stealth        | 3 |  3.4
Fighting       | 1 |  1.2
Dodging        | |  2.0
Spellcasting   | |  2.3
Conjurations   | |  4.5

Action                     || total
---------------------------++-------
  Melee: Unarmed           ||    37
         Constrict         ||     7
         Tentacles         ||     6
   Cast: Magic Dart        ||    76
         Searing Ray       ||     1
    Use: Scroll            ||     1
 Armour: Skin              ||     7
  Dodge: Dodged            ||    38
